 Dungeon Crawl Stone Soup version 0.32-a0-913-g739538afd8 (webtiles) character file.

Game seed: 16096182068413841427

321280 Domino the Warrior (level 20, -13/195 HPs)
             Began as a Minotaur Fighter on Apr 8, 2024.
             Was the Champion of Qazlal.
             Mangled by a +3 heavy glaive (31 damage)
             ... animated by Zenata
             ... on level 3 of the Vaults.
             The game lasted 01:39:13 (43762 turns).

Domino the Warrior (Minotaur Fighter)              Turns: 43762, Time: 01:39:14

Health: -13/195    AC: 51    Str: 28    XL:     20   Next: 64%
Magic:  33/33      EV:  5    Int:  7    God:    Qazlal [******]
Gold:   2885       SH: 28    Dex: 15    Spells: 19/19 levels left

rFire   + . .        a - +9 broad axe (flame)
rCold   . . .        Z - +1 kite shield {rC+}
rNeg    + + .        p - +13 crystal plate armour of Vermicelli {rC- rN++ Int+2 Dex+2 Stlth-}
rPois   .            c - +2 hat {Will+}
rElec   .            y - +1 cloak of Qazlal's Envy {Regen+}
rCorr   .            H - +2 pair of gloves {Dex+3}
SInv    .            V - +2 pair of boots
Will    ++...        L - amulet of reflection Stlth
                     z - +4 ring of protection
HPRegen 1.32/turn    F - +4 ring of slaying
MPRegen 0.23/turn

%: repel missiles, reflection
@: lethally poisoned (-13 -> -22), about to teleport, protected from fire
A: horns 2, retaliatory headbutt, screaming 1, weak 1
}: 2/15 runes: barnacled, gossamer
a: Renounce Religion, Upheaval, Elemental Force, Disaster Area


You were on level 3 of the Vaults.
You worshipped Qazlal.
Qazlal was exalted by your worship.
You visited 7 branches of the dungeon, and saw 34 of its levels.
You also visited: Sewer and Ice Cave.

You collected 3574 gold pieces.
You spent 689 gold pieces at shops.

Inventory:

Hand Weapons
 a - a +9 broad axe of flaming (weapon)
   (You took it off an orc warrior on level 1 of the Orcish Mines)
 b - the +2 morningstar "Vutadea" {spect, rElec MP+9 Str+6 Int-3}
   (You found it in an ice cave)

   Str+6:     It affects your strength (+6).
   Int-3:     It affects your intelligence (-3).
   rElec:     It insulates you from electricity.
   MP+9:      It affects your magic capacity (+9).
 e - a +0 broad axe
   (You took it off an orc knight on level 2 of the Orcish Mines)
Missiles
 j - 33 poisoned darts
 r - 5 silver javelins
 t - 81 boomerangs (quivered)
 u - 6 curare-tipped darts
 M - 8 throwing nets
 U - 22 javelins
Armour
 c - a +2 hat of willpower (worn)
   (You found it on level 4 of the Spider Nest)
 g - a +1 plate armour of fire resistance
   (You took it off an orc knight on level 2 of the Orcish Mines)
 p - the +13 crystal plate armour of Vermicelli (worn) {rC- rN++ Int+2 Dex+2 Stlth-}
   (You acquired it on level 1 of the Lair of Beasts)

   Int+2:     It affects your intelligence (+2).
   Dex+2:     It affects your dexterity (+2).
   rC-:       It makes you vulnerable to cold.
   rN++:      It greatly protects you from negative energy.
   Stlth-:    It makes you less stealthy.
 y - the +1 cloak of Qazlal's Envy (worn) {Regen+}
   (You found it on level 5 of the Dungeon)

   Regen+:    It increases your rate of health regeneration.
 H - a +2 pair of gloves of dexterity (worn)
   (You found it on level 1 of the Orcish Mines)
 V - a +2 pair of boots (worn)
   (You found it on level 5 of the Lair of Beasts)
 W - a +0 tower shield
   (You found it on level 10 of the Dungeon)
 X - a scarf of repulsion
   (You found it on level 10 of the Dungeon)
 Z - a +1 kite shield of cold resistance (worn)
   (You found it in an ice cave)
Jewellery
 l - an amulet of faith
   (You found it on level 1 of the Spider Nest)
 v - the amulet of the Platytaur {rElec rF+ RegenMP+ Dex+4 Slay-3}
   (You acquired it on level 1 of the Lair of Beasts)

   [amulet of magic regeneration]

   It increases your rate of magic regeneration.
   Dex+4:     It affects your dexterity (+4).
   Slay-3:    It affects your accuracy & damage with ranged weapons and melee
   (-3).
   rF+:       It protects you from fire.
   rElec:     It insulates you from electricity.
   RegenMP+:  It increases your rate of magic regeneration.
 z - a +4 ring of protection (left hand)
   (You found it on level 1 of the Lair of Beasts)
 E - a ring of poison resistance
   (You found it on level 3 of the Lair of Beasts)
 F - a +4 ring of slaying (right hand)
   (You found it on level 6 of the Dungeon)
 L - an amulet of reflection (around neck)
   (You bought it in a shop on level 7 of the Dungeon)
 O - a ring of protection from cold
   (You found it on level 7 of the Dungeon)
 S - a ring of see invisible
   (You found it on level 5 of the Lair of Beasts)
Wands
 A - a wand of paralysis (39)
   (You took it off an orc on level 5 of the Dungeon)
 D - a wand of polymorph (14)
   (You found it on level 5 of the Dungeon)
 K - a wand of warping (8)
   (You took it off a tengu conjurer on level 15 of the Dungeon)
 N - a wand of flame (72)
   (You found it on level 7 of the Dungeon)
 P - a wand of light (30)
   (You found it on level 8 of the Dungeon)
 Q - a wand of mindburst (10)
   (You found it on level 8 of the Dungeon)
 Y - a wand of digging (6)
   (You found it on level 4 of the Shoals)
Scrolls
 h - 8 scrolls of teleportation
 i - 3 scrolls of blinking
 x - 6 scrolls of fear
 B - 2 scrolls of butterflies
 G - 6 scrolls of revelation
 J - 4 scrolls of fog
 R - 3 scrolls of poison
 T - 5 scrolls of immolation
Potions
 d - 7 potions of might
 k - 2 potions of cancellation
 m - 10 potions of mutation
 n - 5 potions of enlightenment
 o - 8 potions of haste
 q - 4 potions of berserk rage
 s - 10 potions of curing
 w - a potion of resistance
 C - 7 potions of heal wounds
 I - 6 potions of ambrosia
Miscellaneous
 f - a lightning rod (4/4)
   (You found it in an ice cave)


   Skills:
 + Level 20.5 Fighting
 - Level 18.0 Axes
 - Level 10.0 Throwing
 + Level 14.0 Armour
 + Level 16.9 Shields
 + Level 20.1 Invocations
 + Level 9.2 Evocations


You had 19 spell levels left.
You didn't know any spells.
Your spell library was empty.

Dungeon Overview and Level Annotations

Branches:
Dungeon (15/15) Zot: 25201  Temple (1/1) D:4 Zot: 5975    Lair (5/5) D:10 Zot: 22457
 Shoals (4/4) Lair:3 Zot: 17819  Spider (4/4) Lair:2 Zot: 18977   Slime (0/5) Lair:4
    Orc (2/2) D:10 Zot: 8447     Elf (0/3) Orc:2        Vaults (3/5) D:14 Zot: 14472
 Depths (0/4) D:15          Sewer (visited)           IceCv (visited)
  Crypt: Vaults:2-3

Altars:
Ashenzari
Cheibriados
Dithmenos
Elyvilon
Fedhas
Gozag
Hepliaklqana
Kikubaaqudgha
Makhleb
Nemelex Xobeh
Okawaru
Qazlal
Ru
Sif Muna
Trog
Uskayaw
Vehumet
Wu Jian
Xom
Yredelemnul
Zin
The Shining One
Jiyva

Shops:
D:4 [(   D:5 [   D:7 =   Orc:2 [=*[(   Shoals:2 [

Annotations:
Vaults:3 Zenata


Innate Abilities, Weirdness & Mutations

You have a pair of horns on your head.
You reflexively headbutt those who attack you in melee.
You occasionally shout uncontrollably at your foes.
You are weak. (Str -2)


Message History

The +0 vampiric glaive hits you but does no damage.
You block the +2 scimitar of flaming's attack.
The +2 scimitar of venom hits you!!
* * * LOW HITPOINT WARNING * * *
Your resistance to fire fades away.
You feel protected from physical attacks.
You are more poisoned.
The +0 vampiric glaive hits you but does no damage.
You slash the +2 scimitar of venom!
You destroy the +2 scimitar of venom!
The +2 scimitar of venom disappears in a puff of smoke!
You closely miss the +2 scimitar of flaming.
You feel very sick.
The +2 scimitar of flaming hits you but does no damage.
The +3 heavy glaive is engulfed in blazing flames.
You block the +3 heavy glaive's attack.
You block the +2 scimitar of flaming's attack.
The +0 vampiric glaive hits you from afar!
* * * LOW HITPOINT WARNING * * *
You feel more protected from physical attacks.
Okay, then.
Unknown command.
As you read the scroll of teleportation, it crumbles to dust.
You feel strangely unstable.
You feel very sick.
You block the +2 scimitar of flaming's attack.
The +0 vampiric glaive hits you from afar.
* * * LOW HITPOINT WARNING * * *
You block the +3 heavy glaive's attack.
You block the +2 scimitar of flaming's attack.
The +0 vampiric glaive hits you but does no damage.
The +2 scimitar of flaming hits you!
* * * LOW HITPOINT WARNING * * *
You feel more protected from physical attacks.
Your resistance to physical damage fades away.
You feel protected from fire. The +2 scimitar of flaming burns you.
* * * LOW HITPOINT WARNING * * *
The +3 heavy glaive hits you from afar!!
You die...

#..# #..# #..#
#..# #..# #..#
#..#
###+#########..#
.......§@§(c...#
......§§a((....#
....(..☼§....[.#
.#############)#
#)# #.# #)# (.#
##.#


You could see Zenata, a yaktaur and 3 dancing weapons.

Vanquished Creatures
  A dread lich (Vaults:2)
  Norris (Vaults:1)
  Jorgrun (D:12)
  A kraken (Shoals:2)
  A sphinx (Vaults:2)
  Kirke (D:14)
  6 emperor scorpions
  5 vault wardens
  The ghost of Firuy the Covert, a journeyman NaHW of Cheibriados (Orc:1)
  The ghost of Meogie the Warrior, a journeyman MiBe of Trog (Orc:1)
  5 ghost moths
  4 orc warlords
  A reaper (IceCv)
  2 broodmothers
  2 formless jellyfish
  5 ironbound thunderhulks
  8 ironbound preservers
  Snorg (D:14)
  2 spark wasps (Spider:4)
  6 merfolk javelineers
  An ettin (Vaults:1)
  6 yaktaur captains
  9 entropy weavers
  7 merfolk impalers
  2 great orbs of eyes (Vaults:3)
  Josephine (D:14)
  4 hydras
  An ogre mage (D:13)
  2 rakshasas
  2 jorogumos
  5 alligator snapping turtles
  4 catoblepae
  13 centaur warriors
  Erica (D:10)
  4 merfolk avatars
  4 ironbound frosthearts
  9 boulder beetles
  3 radroaches
  4 satyrs
  4 two-headed ogres
  4 merfolk aquamancers
  2 deep troll earth magi (D:14)
  17 demonic crawlers
  4 tengu warriors (D:14)
  Nergalle (Orc:1)
  15 death yaks
  4 orc high priests (Orc:2)
  An occultist (D:15)
  Amaemon (Lair:2)
  2 deep elf knights (D:14)
  9 skeletal warriors (D:14)
  5 pharaoh ants
  10 skysharks
  28 deep trolls
  20 sea snakes
  2 sun moths (Spider:4)
  8 arcanists
  6 lindwurms
  11 orb spiders
  4 phantasmal warriors (D:14)
  3 harpies
  8 steelbarb worms
  6 orc knights
  10 ironbound convokers
  A necromancer (D:15)
  An obsidian bat (Orc:2)
  13 wolf spiders
  29 ugly things
  5 orc sorcerers (Orc:2)
  8 cyclopes
  16 fauns
  6 deep elf pyromancers
  19 manticores
  A meliai (shapeshifter) (D:15)
  3 meliai
  3 black mambas (Lair:5)
  9 merfolk sirens
  13 elephants
  5 kobold blastminers
  An ice statue (IceCv)
  5 vault sentinels
  5 water nymphs
  An orange demon (Lair:2)
  6 molten gargoyles (D:14)
  18 cane toads
  9 torpor snails
  A gargoyle (D:14)
  A centaur skeleton (D:15)
  8 komodo dragons
  3 kobold demonologists
  An unseen horror (D:12)
  A freezing wraith (D:14)
  An anaconda simulacrum (IceCv)
  A rime drake (Lair:3)
  An efreet (D:15)
  12 yaktaurs
  An ice devil (IceCv)
  3 tengu conjurers (D:15)
  3 trolls
  9 wind drakes
  40 merfolk
  A troll (shapeshifter) (D:14)
  2 hornets
  2 polar bears
  21 jumping spiders
  36 blink frogs
  A boulder beetle zombie (D:15)
  21 tarantellas
  9 snapping turtles
  3 dream sheep
  A centaur simulacrum (D:15)
  2 vampires
  13 slime creatures
  73 yaks
  4 hogs (D:14)
  13 culicivoras
  7 water elementals
  8 wyverns
  6 wraiths
  8 wargs
  2 basilisks
  4 death yak simulacra (IceCv)
  38 redbacks
  2 steam dragons (D:8)
  3 acid dragons
  4 hydra simulacra (IceCv)
  11 water moccasins
  A meliai simulacrum (D:15)
  33 orc warriors
  4 ice beasts
  4 black bears
  A sky beast (D:6)
  A crocodile (Sewer)
  8 ogres
  4 boggarts (D:15)
  6 centaurs
  27 wolves
  A phantom (D:5)
  3 kobold brigands (D:8)
  11 bullfrogs
  3 gnoll sergeants
  3 cane toad simulacra (IceCv)
  5 scorpions
  5 two-headed ogre simulacra
  A wight (D:6)
  2 elephant simulacra (IceCv)
  An electric eel (Lair:3)
  6 howler monkeys
  A bombardier beetle (D:5)
  5 jellies
  A gnoll bouda (D:8)
  19 orc priests
  10 hounds
  A sleepcap (D:7)
  6 hell rats (Lair:3)
  7 iguanas
  26 orc wizards
  5 troll simulacra (IceCv)
  5 spriggan simulacra (IceCv)
  2 polar bear simulacra (IceCv)
  A wolf simulacrum (IceCv)
  A boggart simulacrum (D:14)
  6 naga simulacra (IceCv)
  26 gnolls
  10 adders
  2 shadow imps
  9 white imps
  5 ufetubi
  7 dart slugs
  3 ribbon worms
  87 orcs
  11 endoplasms
  4 giant cockroaches
  7 goblins
  4 hobgoblins
  8 jackals
  6 quokkas
  9 ball pythons
  10 bats
  3 frilled lizards
  8 kobolds
  An orc zombie (Orc:2)
  10 rats
  6 tentacles (Shoals:2)
1342 creatures vanquished.

Vanquished Creatures (collateral kills)
  An ugly thing (D:15)
1 creature vanquished.

Vanquished Creatures (others)
  Nessos (D:13)
  A boulder beetle zombie (Spider:1)
  A dream sheep (Shoals:4)
  An orc wizard (Orc:1)
  3 orcs (D:8)
  4 tentacles (Shoals:2)
11 creatures vanquished.

Grand Total: 1354 creatures vanquished

Notes
Turn   | Place    | Note
-------+----------+-------------------------------------------
     0 | D:1      | Domino the Minotaur Fighter began the quest for the Orb.
     0 | D:1      | Reached XP level 1. HP: 19/19 MP: 0/0
   173 | D:1      | Reached XP level 2. HP: 27/27 MP: 1/1
   296 | D:1      | You fall into a shaft and drop 1 floor!
   416 | D:2      | Found a broken altar of Ashenzari.
   694 | D:1      | Reached XP level 3. HP: 33/33 MP: 2/2
  1370 | D:2      | Reached XP level 4. HP: 38/41 MP: 3/3
  1473 | D:2      | Reached skill level 5 in Axes
  1852 | D:3      | Found a basalt altar of Yredelemnul.
  1852 | D:3      | Found a white marble altar of Elyvilon.
  1855 | D:3      | Found a sacrificial altar of Ru.
  1855 | D:3      | Found a hazy altar of Hepliaklqana.
  1855 | D:3      | Found a glowing golden altar of the Shining One.
  1855 | D:3      | Found a snail-covered altar of Cheibriados.
  1855 | D:3      | Found an ancient bone altar of Kikubaaqudgha.
  1856 | D:3      | Found a blossoming altar of Fedhas.
  1917 | D:3      | Reached skill level 5 in Fighting
  1917 | D:3      | Reached XP level 5. HP: 31/48 MP: 4/4
  2032 | D:3      | Found a glowing drain.
  2051 | Sewer    | Entered a sewer
  2230 | Sewer    | Noticed a crocodile
  2235 | Sewer    | Killed a crocodile
  2442 | D:3      | Reached XP level 6. HP: 53/56 MP: 5/5
  3219 | D:4      | Found Akoymn's Armour Boutique.
  3276 | D:4      | Found a staircase to the Ecumenical Temple.
  3530 | Temple   | Entered the Ecumenical Temple
  3539 | Temple   | Became a worshipper of Qazlal Stormbringer
  4015 | D:4      | Found Niad's Antique Weapon Boutique.
  4382 | D:4      | Reached XP level 7. HP: 61/63 MP: 6/6
  4533 | D:5      | Entered Level 5 of the Dungeon
  4666 | D:5      | Identified the +1 cloak of Qazlal's Envy {Regen+}
  4884 | D:5      | Found Muur's Armour Boutique.
  5000 | D:5      | Reached * piety under Qazlal
  5235 | D:5      | Reached XP level 8. HP: 64/73 MP: 7/7
  6449 | D:6      | Reached skill level 10 in Axes
  6855 | D:6      | Reached ** piety under Qazlal
  6952 | D:6      | Reached XP level 9. HP: 83/83 MP: 8/8
  7169 | D:6      | Reached skill level 1 in Invocations
  7751 | D:7      | Found Dalin's Jewellery Emporium.
  7829 | D:7      | Bought an amulet of reflection for 360 gold pieces
  7931 | D:7      | Reached *** piety under Qazlal
  7974 | D:7      | Reached skill level 10 in Fighting
  7983 | D:7      | Found a hide-covered altar of Uskayaw.
  8187 | D:8      | Reached skill level 5 in Invocations
  9054 | D:8      | Reached XP level 10. HP: 94/94 MP: 13/13
  9370 | D:8      | Noticed a three-headed hydra
  9398 | D:8      | Killed a four-headed hydra
 10922 | D:10     | Entered Level 10 of the Dungeon
 10922 | D:10     | Noticed a two-headed ogre
 10931 | D:10     | Killed a two-headed ogre
 10931 | D:10     | Reached **** piety under Qazlal
 10932 | D:10     | Reached XP level 11. HP: 95/103 MP: 16/16
 11038 | D:10     | Found a staircase to the Orcish Mines.
 11038 | D:10     | Noticed Erica
 11051 | D:10     | Killed Erica
 11552 | D:10     | Reached skill level 10 in Invocations
 11758 | D:10     | Found a staircase to the Lair.
 12042 | Lair:1   | Entered Level 1 of the Lair of Beasts
 12113 | Lair:1   | Reached ***** piety under Qazlal
 12328 | Lair:1   | Reached XP level 12. HP: 111/113 MP: 19/19
 12767 | Lair:1   | Reached skill level 15 in Axes
 13196 | Lair:1   | Identified 2 scrolls of acquirement
 13200 | Lair:1   | Acquired the +13 crystal plate armour of Vermicelli {rC-
                  | rN++ Int+2 Dex+2 Stlth-}
 13226 | Lair:1   | Acquired the amulet of the Platytaur {rElec rF+ RegenMP+
                  | Dex+4 Slay-3}
 13255 | Lair:2   | Noticed Amaemon
 13270 | Lair:2   | Killed Amaemon
 13554 | Lair:2   | Reached skill level 5 in Shields
 13776 | Lair:2   | Noticed a catoblepas
 13786 | Lair:2   | Killed a catoblepas
 13983 | Lair:2   | Found a hole to the Spider Nest.
 14093 | Lair:2   | Noticed a four-headed hydra
 14109 | Lair:2   | Killed a 14-headed hydra
 14657 | Lair:3   | Reached XP level 13. HP: 99/124 MP: 21/21
 14828 | Lair:3   | You fall into a shaft and drop 2 floors!
 14828 | Lair:5   | Entered Level 5 of the Lair of Beasts
 14971 | Lair:4   | Reached ****** piety under Qazlal
 15142 | Lair:4   | Found a viscous altar of Jiyva.
 15142 | Lair:4   | Found a staircase to the Slime Pits.
 15511 | Lair:3   | Found a staircase to the Shoals.
 16039 | Lair:4   | Reached skill level 15 in Fighting
 16759 | Lair:5   | Reached XP level 14. HP: 135/135 MP: 22/24
 16871 | Lair:5   | Reached skill level 15 in Invocations
 17562 | Lair:5   | Reached skill level 10 in Shields
 18496 | Orc:1    | Entered Level 1 of the Orcish Mines
 18677 | Orc:1    | Found a runed translucent gate.
 18677 | Orc:1    | Found a runed translucent gate.
 18677 | Orc:1    | Found a runed translucent gate.
 18679 | Orc:1    | Noticed Meogie's ghost (journeyman MiBe)
 18680 | Orc:1    | Noticed Firuy's ghost (journeyman NaHW)
 19010 | Orc:2    | Entered Level 2 of the Orcish Mines
 19040 | Orc:2    | Found Xaychiam's Armour Emporium.
 19218 | Orc:1    | Noticed Nergalle
 19230 | Orc:1    | Killed Nergalle
 20047 | Orc:2    | Noticed an orc warlord
 20070 | Orc:2    | Killed an orc warlord
 20268 | Orc:2    | Gained mutation: You are weak. (Str -2) [a neqoxec]
 20837 | Orc:2    | Gained mutation: You occasionally shout uncontrollably at
                  | your foes. [a neqoxec]
 20846 | Orc:2    | Reached XP level 15. HP: 111/144 MP: 24/26
 21480 | Orc:2    | Found a staircase to the Elven Halls.
 21534 | Orc:2    | Found Ceuzogro's General Store.
 21535 | Orc:2    | Found Poipin's Jewellery Boutique.
 21537 | Orc:2    | Found Ifonlua's Antique Armour Boutique.
 21537 | Orc:2    | Found Hisocler's Antique Weapon Shop.
 21552 | Orc:2    | Bought a scroll of teleportation for 45 gold pieces
 21552 | Orc:2    | Bought a scroll of blinking for 112 gold pieces
 21552 | Orc:2    | Bought a scroll of enchant weapon for 112 gold pieces
 21552 | Orc:2    | Bought a scroll of poison for 60 gold pieces
 21925 | D:11     | Found a frozen archway.
 21940 | IceCv    | Entered an ice cave
 22330 | IceCv    | Found the +8 frozen axe "Frostbite" {freeze, freezing
                  | cloud, *Noise Fly rC+}
 22338 | IceCv    | Identified the +2 morningstar "Vutadea" {spect, rElec MP+9
                  | Str+6 Int-3}
 22763 | D:11     | Found a stormy altar of Qazlal.
 22898 | D:12     | Noticed Jorgrun
 22908 | D:12     | Killed Jorgrun
 23886 | D:13     | Paralysed by an ogre mage for 2 turns
 24102 | D:13     | Reached skill level 5 in Armour
 24225 | D:13     | Noticed Nessos
 24231 | D:13     | Killed Nessos
 24846 | D:13     | Found a shimmering blue altar of Sif Muna.
 24867 | D:14     | Noticed Snorg
 24871 | D:14     | Killed Snorg
 25169 | D:14     | Reached XP level 16. HP: 142/155 MP: 27/27
 25245 | D:14     | Identified the +0 fire dragon scales "Acalud" {rF++ rC- rN+
                  | Will+}
 25671 | D:14     | Noticed Josephine
 25684 | D:14     | Killed Josephine
 25735 | D:14     | Noticed Kirke
 25743 | D:14     | Killed Kirke
 25817 | D:14     | Found a gate to the Vaults.
 26132 | D:15     | Entered Level 15 of the Dungeon
 26240 | D:15     | Found a shimmering altar of Xom.
 26240 | D:15     | Found a shimmering altar of Xom.
 26241 | D:15     | Found a shimmering altar of Xom.
 26241 | D:15     | Found a shimmering altar of Xom.
 26243 | D:15     | Found a shimmering altar of Xom.
 26243 | D:15     | Found a shimmering altar of Xom.
 26243 | D:15     | Found a shimmering altar of Xom.
 26243 | D:15     | Found a shimmering altar of Xom.
 26243 | D:15     | Found a shimmering altar of Xom.
 26243 | D:15     | Found a shimmering altar of Xom.
 26572 | D:15     | Reached XP level 17. HP: 163/163 MP: 29/29
 27068 | D:15     | Found a staircase to the Depths.
 27532 | Orc:1    | Killed Meogie's ghost
 27541 | Orc:1    | Killed Firuy's ghost
 27869 | Spider:1 | Entered Level 1 of the Spider Nest
 29500 | Spider:2 | Reached skill level 5 in Throwing
 30170 | Spider:3 | Reached XP level 18. HP: 143/172 MP: 30/30
 30565 | Spider:3 | Reached skill level 5 in Evocations
 31006 | Spider:3 | Reached skill level 10 in Armour
 31423 | Spider:4 | Entered Level 4 of the Spider Nest
 32558 | Spider:4 | Identified the +1 pair of gloves of Gozag's Delight {rF-
                  | rN+ SInv}
 32617 | Spider:4 | Got a gossamer rune of Zot
 33021 | Shoals:1 | Entered Level 1 of the Shoals
 33883 | Shoals:1 | Identified the +5 rapier of the Skies Above {freeze,
                  | ^Fragile rN+++ Int+4}
 34609 | Shoals:2 | Reached skill level 15 in Shields
 34659 | Shoals:2 | Identified the +0 robe of Fiotay {*Slow rC+ Regen+ rCorr}
 34678 | Shoals:2 | Found Jyetibb's Antique Armour Shoppe.
 35110 | Shoals:3 | Reached XP level 19. HP: 182/182 MP: 31/31
 35428 | Shoals:4 | Entered Level 4 of the Shoals
 38133 | Shoals:4 | Got a barnacled rune of Zot
 38237 | Shoals:4 | Identified the dragon-blood talisman of the Skies Above
                  | {rCorr Str-4 Dex+5}
 38970 | Shoals:4 | Found the +3 giant club "Skullcrusher" {speed, Str+7}
 39573 | Vaults:1 | Entered Level 1 of the Vaults
 39882 | Vaults:1 | Identified the +5 war axe of Law {pain, Str+3 Dex+2}
 40540 | Vaults:1 | Noticed Norris
 40543 | Vaults:1 | Reached XP level 20. HP: 193/193 MP: 28/32
 40558 | Vaults:1 | Killed Norris
 42082 | Vaults:2 | Paralysed by a formless jellyfish for 1 turns
 42469 | Vaults:2 | Noticed a dread lich
 42471 | Vaults:2 | Reached skill level 10 in Throwing
 42491 | Vaults:2 | Killed a dread lich
 42908 | Vaults:2 | Identified the +11 scimitar of Perversion {protect, rC+
                  | rCorr Str+3}
 43722 | Vaults:3 | Noticed Zenata
 43762 | Vaults:3 | Mangled by a +3 heavy glaive

Illustrated notes

Levels and vault maps discovered:
D:1:      lightli_arrival_lavapool, layout_rooms, minivault_5, minivault_24,
          chequers_serial_rivers_large_b, minmay_ruptured
D:2:      layout_loops_corners, basic_altar
D:3:      layout_basic, grunt_temple_overflow_open, portal_sewer_entry_f
D:4:      layout_loops_ring, minmay_temple_entry_water_ring, serial_shops,
          nicolae_shop_crystal, shop, kennysheep_generic_room_4
D:5:      minmay_thinvault, layout_basic, serial_shops, kennysheep_little_box,
          hangedman_decor_clover_reticule, minmay_door_square
D:6:      minmay_razor_zed, layout_gridville, grunt_decor_clamped,
          minmay_pentangle
D:7:      layout_rooms, mainiacjoe_overflow_paths, serial_shops, shop
D:8:      layout_loops_ring, hangedman_ranch
D:9:      layout_loops_corners, serial_library_hellmonk_h_bend, hex_large
D:10:     layout_basic, david_lair_shrubbed, david_orc_2, uniq_erica
D:11:     layout_basic, portal_ice_cave_entry_ice_simulacra,
          nicolae_qazlal_scattered_showers
D:12:     layout_gridville, uniq_jorgrun
D:13:     layout_cave_pools, lemuel_blue_sif_altar, uniq_nessos
D:14:     regret_index_infernal_bastille, layout_gridville,
          hellmonk_vaults_attempted_burglary, bh_walls_and_bars, uniq_kirke,
          uniq_josephine, uniq_snorg
D:15:     grunt_enter_depths_magical_seal, layout_stronghold, xom_shifter_show,
          lemuel_flamethrower_2
Temple:   dshaligram_water_room_temple
Lair:1:   layout_small_grid
Lair:2:   layout_loops_ring, spider_nest_entry_web_field,
          chequers_serial_rivers_small_3, beast_lair_carwin_5, uniq_amaemon
Lair:3:   layout_gridlike, mainiacjoe_shoals_entry_four_pools,
          infiniplex_staircase_pool, grunt_megastairs_3
Lair:4:   layout_cave_pods, dpeg_slime_entry_enclosed,
          infiniplex_staircase_pool_2
Lair:5:   evilmike_catoblepas_cave, layout_concentric_octagons, minivault_26
Shoals:1: layout_shoals
Shoals:2: layout_shoals, serial_shops, shop, nicolae_shoals_kraken_intersection
Shoals:3: layout_shoals
Shoals:4: shoals_end_simple, layout_shoals
Spider:1: layout_spider_delve, nicolae_spider_shape
Spider:2: layout_spider_delve
Spider:3: layout_spider_delve, worms_lemuel
Spider:4: guppyfry_spider_rune
Orc:1:    layout_caves, gammafunk_ghost_cemetery, uniq_nergalle
Orc:2:    st_orc_congregation, layout_diamond_mine, serial_shops, shop_coins,
          mines5_lemuel
Vaults:1: vaults_room_octagon, vaults_room_pool,
          nicolae_vaults_network_quinsquares
          [nicolae_vaults_network_quincunx_subvault,
          nicolae_vaults_network_quincunx_subvault,
          nicolae_vaults_network_quincunx_subvault,
          nicolae_vaults_network_quincunx_subvault],
          vaults_mumra_minichess_inversion, vaults_dpeg_hooks,
          nicolae_vaults_big_ls, hangedman_vaults_snaps, v_misc_9,
          nicolae_vaults_shelves_hall, nicolae_vaults_surprise_closet,
          nicolae_vaults_surprise_closet_hard, vaults_dpeg_ring,
          nicolae_vaults_trapezoid_lopsided_1, vaults_room_pools,
          layout_vaults_chaotic_city, uniq_norris
Vaults:2: vaults_room_hangedman_quadrants, vaults_room_octagon,
          nicolae_vaults_tetromino_Z_1, nicolae_vaults_cochlea,
          nicolae_vaults_trapezoid_lopsided_4, nicolae_vaults_weapon_check,
          v_rooms_4, vaults_room_ringed_pool,
          nicolae_vaults_offset_grid_hallway_3, layout_vaults_omnicross
Vaults:3: nicolae_vaults_network_periphery, v_rooms_6,
          nicolae_vaults_little_squares_2, minmay_crypt_entry_necro_gods,
          vaults_mumra_hexcomb, grunt_vaults_bifocal,
          nicolae_vaults_little_squares_3, vaults_room_door_ring,
          nicolae_vaults_six-pack, nicolae_vaults_turnstiles, vaults_room_pool,
          layout_vaults_omnigrid, uniq_zenata

Skill      XL: |  1  2  3  4  5  6  7  8  9 10 11 12 13 14 15 16 17 18 19 20 |
---------------+-------------------------------------------------------------+-----
Axes           | 3 4 5 6 7 9 11 12 13 14 15 16 17 18 | 18.0
Fighting       | 4 5 6 7 9 10 11 12 14 15 16 17 18 19 20 | 20.5
Invocations    | 5 8 11 13 14 16 17 18 19 20 | 20.1
Shields        | 6 8 10 12 13 15 16 | 16.9
Armour         | 6 8 9 11 13 14 | 14.0
Throwing       | 3 5 7 9 10 | 10.0
Evocations     | 3 4 6 8 9 |  9.2

Action                     |  1- 3 |  4- 6 |  7- 9 | 10-12 | 13-15 | 16-18 | 19-21 || total
---------------------------+-------+-------+-------+-------+-------+-------+-------++-------
  Melee: War axe           |    81 |   146 |   260 |   402 |   403 |       |       ||  1292
         Headbutt          |    11 |    13 |    41 |   111 |   192 |   218 |   225 ||   811
         Morningstar       |       |       |       |     7 |     8 |       |       ||    15
         Broad axe         |       |       |       |       |   366 |   785 |   766 ||  1917
  Throw: Boomerang         |       |       |       |       |       |       |     9 ||     9
    Use: Potion            |       |     1 |     2 |     1 |     2 |     2 |       ||     8
         Scroll            |       |     3 |     2 |     8 |    21 |     7 |     4 ||    45
   Stab: Held in net/web   |       |       |       |       |     1 |       |       ||     1
         Confused          |       |       |       |       |     4 |     7 |       ||    11
         Petrified         |       |       |       |       |     5 |       |       ||     5
         Paralysed         |       |       |       |       |     4 |     1 |       ||     5
         Distracted        |       |       |       |       |       |     2 |       ||     2
 Armour: Scale mail        |    67 |   122 |    52 |       |       |       |       ||   241
         Chain mail        |       |       |   122 |   166 |       |       |       ||   288
         Skin              |       |       |       |     7 |       |       |       ||     7
         Crystal plate arm |       |       |       |   185 |   385 |   792 |   612 ||  1974
  Dodge: Dodged            |    38 |    55 |    59 |    71 |    31 |   111 |    88 ||   453
         Repelled          |       |       |       |       |    16 |    14 |    48 ||    78
  Block: Buckler           |    16 |    31 |    95 |   303 |       |       |       ||   445
         Reflection        |       |       |       |    14 |    75 |    13 |    39 ||   141
         Tower shield      |       |       |       |    25 |   891 |       |       ||   916
         Kite shield       |       |       |       |       |   192 |  1087 |   985 ||  2264

Table legend: (Time is in decaauts)
 A = Elapsed time spent in this place.
 B = Non-inter-level travel time spent in this place.
 C = Inter-level travel time spent in this place.
 D = Time resting spent in this place.
 E = Time spent auto-exploring this place.
 F = Levels seen in this place.
 G = Mean time per level.
                   A        B        C        D        E       F      G
               +--------+--------+--------+--------+--------+-----+--------+
         Total |  44198 |  41318 |   2880 |  13859 |  18151 |  36 | 1227.7 |
       Dungeon |  17607 |  16204 |   1403 |   4975 |   8484 |  15 | 1173.8 |
        Temple |     24 |      8 |     16 |      0 |      0 |   1 |   24.0 |
          Lair |   7354 |   6729 |    625 |   2277 |   3106 |   5 | 1470.8 |
        Shoals |   6180 |   5878 |    302 |   2544 |   1735 |   4 | 1545.0 |
   Spider Nest |   5022 |   4845 |    177 |   1132 |   1845 |   4 | 1255.5 |
  Orcish Mines |   3552 |   3349 |    203 |   1922 |    739 |   2 | 1776.0 |
        Vaults |   3526 |   3374 |    152 |    868 |   1847 |   3 | 1175.3 |
         Sewer |    266 |    266 |      0 |    125 |     57 |   1 |  266.0 |
      Ice Cave |    663 |    663 |      0 |     16 |    337 |   1 |  663.0 |
               +--------+--------+--------+--------+--------+-----+--------+

Top non-repeatable levels by time:
Shoals:3: 2748 daAuts
   Orc:1: 2135 daAuts
     D:5: 1743 daAuts
  Lair:5: 1672 daAuts
Vaults:1: 1642 daAuts
  Lair:3: 1601 daAuts
Shoals:4: 1551 daAuts
     D:8: 1539 daAuts
  Lair:2: 1521 daAuts
Vaults:2: 1513 daAuts
     D:6: 1502 daAuts
    D:10: 1500 daAuts
     D:4: 1431 daAuts
Spider:4: 1427 daAuts
   Orc:2: 1416 daAuts
